 Dungeon Crawl Stone Soup version 0.13-a0-1672-g2e244fd (webtiles) character file.

255 Broomstick the Skirmisher (level 4, -7/40 HPs)
             Began as a Hill Orc Fighter on June 19, 2013.
             Splashed by a jelly's acid (9 damage)
             ... on Level 7 of the Dungeon.
             The game lasted 00:23:05 (2094 turns).

Broomstick the Skirmisher (Hill Orc Fighter)        Turns: 2094, Time: 00:23:05

HP  -7/40        AC  6     Str 19      XL: 4   Next: 92%
MP   3/3         EV  6     Int  8      God:
Gold 144         SH 18     Dex 10      Spells:  0 memorised,  3 levels left

Res.Fire  : . . .   See Invis. : .   a - +0 orc hand axe {=f}
Res.Cold  : . . .   Warding    : .   b - -1 orc scale mail
Life Prot.: . . .   Conserve   : .   c - -1 orc shield
Res.Poison: .       Res.Corr.  : .   (no helmet)
Res.Elec. : .       Clarity    : .   (no cloak)
Sust.Abil.: . .     Spirit.Shd : .   j - -1 pair of gauntlets
Res.Mut.  : .       Stasis     : .   (no boots)
Res.Rott. : .       Flight     : .   (no amulet)
Saprovore : + . .                    (no ring)
                                     (no ring)

@: mildly poisoned, slightly resistant to hostile enchantments, extremely
unstealthy
A: saprovore 1
a: no special abilities


You were on level 7 of the Dungeon.
You were very hungry.

You visited 1 branch of the dungeon, and saw 5 of its levels.

You collected 124 gold pieces.

Inventory:

Hand weapons
 a - a +0,+0 orcish hand axe (weapon) {=f}
 o - a +0,+0 orcish hand axe
 u - a +0,+0 orcish trident
 x - a +0,+0 spear
Missiles
 g - 109 stones (quivered)
Armour
 b - a -1 orcish scale mail (worn)
 c - a -1 orcish shield (worn)
 j - a -1 pair of gauntlets (worn)
Magical devices
 p - a wand of fire (13)
Comestibles
 d - a meat ration
 f - 2 apples
 t - 2 bread rations
Scrolls
 e - 7 scrolls of identify
 i - 3 scrolls of remove curse
 m - 4 scrolls of teleportation
 n - a scroll of curse jewellery {unknown}
 r - a scroll of recharging
Potions
 k - 4 potions of curing
 l - a potion of magic
 s - a potion of agility {unknown}
Books
 h - a book of the Earth

   Spells                             Type                      Level
   Dig                                Earth                        4
   Leda's Liquefaction                Hexes/Earth                  4
   Bolt of Magma                      Conjuration/Fire/Earth       5
   Statue Form                        Transmutation/Earth          6
   Iron Shot                          Conjuration/Earth            6
   Shatter                            Earth                        9
 q - a book of Power

   Spells                             Type                      Level
   Iskenderun's Mystic Blast          Conjuration                  4
   Venom Bolt                         Conjuration/Poison           5
   Bolt of Magma                      Conjuration/Fire/Earth       5
   Poisonous Cloud                    Conjuration/Poison/Air       6
   Iron Shot                          Conjuration/Earth            6
   Orb of Destruction                 Conjuration                  7


   Skills:
 + Level 4.6 Fighting
 * Level 4.4 Axes
 + Level 3.8 Armour
 + Level 4.0 Shields


You had 3 spell levels left.
You didn't know any spells.

Dungeon Overview and Level Annotations

Branches:
Dungeon (7/27)
 Temple: D:4-7          Orc: D:6-11

Altars:
Kikubaaqudgha
Sif Muna


Innate Abilities, Weirdness & Mutations

You can tolerate rotten meat.


Message History

The acid corrodes your -1 pair of gauntlets!
The acid corrodes your -1 orcish shield!
The acid burns!
* * * LOW HITPOINT WARNING * * *
Found a crooked iron wand.
A worm comes into view.
Evoke which item? (* to show all) (? for menu, Esc to quit)
Zapping:
p - a wand of fire {zapped: 1}
Press: ? - help, Shift-Dir - straight line, f - jelly
Aim: a jelly The bolt of fire hits the jelly.
The jelly is severely wounded.
You hear a shout!
The jelly jiggles.
The jelly hits you.
* * * LOW HITPOINT WARNING * * *
You are splashed with acid!
The acid corrodes your -1 orcish scale mail!
The acid burns!
You die...

..# .# ..# .#
#.######. ..# .#
##.#....... ..# .#
........... ..# .#
#.w........ ..# .#
#.........
..####.###....../.
..ZS............J#
..#####.##......@#
......# ##.......#
#####.# ####.####
......# # #######


You could see a worm and a jelly.

Vanquished Creatures
  A deep elf soldier (D:3)
  Ijyb (D:3)
  An adder (D:3)
  2 giant geckos
  9 orcs
  3 bats
  4 giant cockroaches
  7 hobgoblins
  3 kobolds
  A giant newt (D:3)
  7 goblins
  8 rats
47 creatures vanquished.

Notes
Turn   | Place    | Note
--------------------------------------------------------------
     0 | D:1      | Broomstick, the Hill Orc Fighter, began the quest for the Orb.
     0 | D:1      | Reached XP level 1. HP: 19/19 MP: 0/0
   175 | D:1      | Reached XP level 2. HP: 23/26 MP: 1/1
   319 | D:1      | Reached skill level 4 in Fighting
   891 | D:2      | Reached XP level 3. HP: 33/33 MP: 2/2
  1199 | D:3      | Noticed Ijyb
  1206 | D:3      | Killed Ijyb
  1206 | D:3      | Reached XP level 4. HP: 30/40 MP: 3/3
  1279 | D:3      | Found an ancient bone altar of Kikubaaqudgha.
  1390 | D:3      | Found a deep blue altar of Sif Muna.
  2068 | D:4      | You fall through a shaft!
  2068 | D:7      | Noticed a hippogriff zombie
  2093 | D:7      | HP: 2/40 [acid (9)]
  2094 | D:7      | Splashed by a jelly's acid

Action                   |  1- 3 |  4- 6 || total
-------------------------+-------+-------++-------
Melee: Hand axe          |    86 |    72 ||   158
Throw: Stone             |    12 |    10 ||    22
       Hand axe          |       |     1 ||     1
Evoke: Wand              |     1 |     3 ||     4
  Use: Scroll            |     4 |     4 ||     8
       Potion            |     3 |       ||     3
